 Dungeon Crawl Stone Soup version 0.25-a0-1119-g28b6fd0c3b (webtiles) character file.

Game seed: 15265637316368442827, levelgen mode: deterministic

10 Esekla the Magician (level 2, -1/17 HPs)
             Began as an Octopode Wizard on May 17, 2020.
             Slain by a goblin
             ... wielding a +0 club
             ... led by Robin
              (6 damage)
             ... on level 3 of the Dungeon.
             The game lasted 00:05:43 (945 turns).

Esekla the Magician (Octopode Wizard)                Turns: 945, Time: 00:05:44

Health: -1/17      AC:  1    Str:  6    XL:     2   Next: 20%
Magic:  4/6        EV: 13    Int: 20    God:
Gold:   56         SH:  0    Dex: 10    Spells: 6/7 levels left

rFire    . . .     SeeInvis .   g - +0 short sword
rCold    . . .     Gourm    .   (no shield)
rNeg     . . .     Faith    .   a - +0 hat
rPois    .         Spirit   .   (no amulet)
rElec    .         Reflect  .   (no ring)
rCorr    .         Harm     .   (no ring)
MR       .....                  (no ring)
Stlth    +++.......             (no ring)
HPRegen  0.05/turn              (no ring)
MPRegen  0.10/turn              (no ring)
                                (no ring)
                                (no ring)

@: no status effects
A: almost no armour, stealthy swim, amphibious, 8 rings, constrict 8, camouflage
1, gelatinous body 1
a: no special abilities


You were on level 3 of the Dungeon.
You were not hungry.

You visited 1 branch of the dungeon, and saw 3 of its levels.

You collected 56 gold pieces.

Inventory:

Hand Weapons
 g - a +0 short sword (weapon)
Armour
 a - a +0 hat (worn)
Scrolls
 e - a scroll of immolation {unknown}
 f - a scroll of amnesia {unknown}
 h - a scroll of remove curse {unknown}
Potions
 b - a potion of invisibility {unknown}
 d - 2 potions of curing {unknown}
Comestibles
 c - 2 rations


   Skills:
 + Level 2.0 Dodging
 + Level 2.8 Stealth
 + Level 3.4 Spellcasting
 + Level 1.0 Conjurations
   Level 1.0 Summonings
   Level 1.0 Translocations


You had 6 spell levels left.
You knew the following spells:

 Your Spells              Type           Power        Failure   Level  Hunger
a - Magic Dart            Conj           #...         9%          1    None

Your spell library contained the following spells:

 Spells                   Type           Power        Failure   Level  Hunger
 Blink                    Tloc           N/A          14%         2    ##.....
 Call Imp                 Summ           #.......     14%         2    ##.....
 Slow                     Hex            #.......     21%         2    ##.....
 Conjure Flame            Conj/Fire      #.......     32%         3    ###....
 Mephitic Cloud           Conj/Pois/Air  #.......     34%         3    ###....


Dungeon Overview and Level Annotations

Branches:
Dungeon (3/15)

Altars:
Sif Muna

Annotations:
D:3 Grinder, Robin


Innate Abilities, Weirdness & Mutations

You cannot wear most types of armour.
You are very stealthy in the water. (Stealth+)
You are amphibious.
You can wear up to eight rings at the same time.
You can use your tentacles to constrict eight enemies at once.
Your skin changes colour to match your surroundings (Stealth+).
Your rubbery body absorbs attacks. (AC +1, EV +1)


Message History

The goblin shouts!
Robin throws the goblin at you! The goblin hits you.
A hobgoblin comes into view. It is wielding a +0 club.
Robin throws the goblin at you!
A goblin comes into view. It is wielding a +0 club.
The goblin hits you with a +0 dagger.
A goblin and a hobgoblin come into view.
Robin throws the goblin at you! The goblin completely misses you.
A goblin comes into view. It is wielding a +0 club.
A goblin comes into view. It is wielding a +0 dagger.
Found an escape hatch in the floor.
The goblin shouts!
You hear a shout!
The goblin shouts!
The hobgoblin shouts!
Robin throws the goblin at you!
A goblin comes into view.
The goblin hits you with a +0 club.
* * * LOW HITPOINT WARNING * * *
The hobgoblin shouts!
A goblin comes into view.
The goblin hits you with a +0 club.
You die...

.. #....##......#...###
...#.............g....#
#.....#.........g#g...#
#.....#..........#.g..#
#.....#....#...#.#gg..#
##...##....#.....g...>#
...........#...g.g....##
..........##..gg...#....
..........###..g@.>.....
##'##.....# #...........
...#########............
#### #...######.####
#.#. .# ##########.#. #
...........#
###......... #.######.#


You could see Robin, 2 hobgoblins and 9 goblins.

Vanquished Creatures
  A dart slug (D:1)
  2 orcs (D:3)
  A goblin (D:1)
  A ball python (D:1)
  A kobold (D:2)
  A rat (D:3)
7 creatures vanquished.

Notes
Turn   | Place    | Note
-------+----------+-------------------------------------------
     0 | D:1      | Esekla the Octopode Wizard began the quest for the Orb.
     0 | D:1      | Reached XP level 1. HP: 11/11 MP: 4/4
   532 | D:3      | Noticed Grinder
   671 | D:3      | Found a shimmering blue altar of Sif Muna.
   748 | D:3      | Reached XP level 2. HP: 12/17 MP: 3/6
   938 | D:3      | Noticed Robin
   945 | D:3      | Slain by a goblin

Illustrated notes

Levels and vault maps discovered:
D:1:      lemuel_arrival_lava_pool, layout_basic, st_stairs_5,
          minmay_misc_feat_encased, nrook_loot_triangle, minmay_heptomino_o4
D:2:      layout_loops_ring, grunt_qazlal_clouds, old_standard_altar
D:3:      layout_basic, lemuel_crystal_altar, old_standard_altar,
          minmay_misc_feat_cross, uniq_grinder, uniq_jessica, uniq_robin

Action                   || total
-------------------------++-------
Melee: Constrict         ||     4
       Short sword       ||     4
       Dagger            ||     2
       Tentacles         ||     2
       Unarmed           ||     1
 Cast: Magic Dart        ||    18
Armor: Skin              ||     2
Dodge: Dodged            ||    11

Table legend:
 A = Non-vault XP
 B = Vault XP
 C = Vault XP percentage of total XP
 D = Non-vault monster count
 E = Vault monster count
 F = Vault count percentage of total count
                 A         B        C        D         E       F
            +---------+---------+-------+---------+---------+-------
      Total |      15 |       0 |   0.0 |       7 |       0 |   0.0
            +---------+---------+-------+---------+---------+-------
        D:1 |       7 |       0 |   0.0 |       3 |       0 |   0.0
        D:2 |       1 |       0 |   0.0 |       1 |       0 |   0.0
        D:3 |       7 |       0 |   0.0 |       3 |       0 |   0.0
            +---------+---------+-------+---------+---------+-------
